 Dungeon Crawl Stone Soup version 0.28.0-49-g6dfe1f597d (webtiles) character file.

Game seed: 11524452664384407931

41 Zeld the Insei (level 3, -1/23 HPs)
             Began as an Octopode Transmuter on May 15, 2022.
             Succumbed to an adder's poison
             ... on level 2 of the Dungeon.
             The game lasted 00:01:37 (1693 turns).

Zeld the Insei (Octopode Transmuter)                Turns: 1693, Time: 00:01:38

Health: -1/23      AC:  1    Str: 11    XL:     3   Next: 52%
Magic:  5/6        EV: 13    Int: 15    God:
Gold:   70         SH:  0    Dex: 12    Spells: 1/7 levels left

rFire   . . .      SeeInvis +     - Unarmed
rCold   . . .      Faith    .   (no shield)
rNeg    . . .      Spirit   .   (helmet currently unavailable)
rPois   .          Reflect  .   (no amulet)
rElec   .          Harm     .   a - ring of see invisible
rCorr   .          Rampage  .   (no ring)
Will    .....                   (no ring)
Stlth   +++.......              (no ring)
HPRegen 0.07/turn               (no ring)
MPRegen 0.10/turn               (no ring)
                                (no ring)
                                (no ring)

@: lethally poisoned (-1 -> -9), appendages (expiring)
A: tentacle spike 3, almost no armour, amphibious, 8 rings, camouflage 1,
gelatinous body 1, (nimble swimmer 1), tentacles
a: End Transformation


You were on level 2 of the Dungeon.
One of your tentacles had grown a beastly spike.
You visited 1 branch of the dungeon, and saw 2 of its levels.

You collected 70 gold pieces.

Inventory:

Jewellery
 a - a ring of see invisible (left tentacle)
Scrolls
 b - a scroll of noise {unknown}
Potions
 c - 2 potions of mutation {unknown}
 d - a potion of heal wounds {unknown}
 e - a potion of invisibility {unknown}


   Skills:
 - Level 1.0 Fighting
 - Level 2.0 Dodging
 + Level 1.2 Stealth
 - Level 3.0 Unarmed Combat
 * Level 2.6 Spellcasting
 * Level 2.5 Transmutations
 + Level 0.6 Ice Magic
 + Level 1.2 Poison Magic


You had one spell level left.
You knew the following spells:

 Your Spells              Type           Power      Damage    Failure   Level
a - Beastly Appendage     Tmut           18%        N/A       8%          1
b - Wereblood             Tmut           9%         N/A       11%         2
c - Spider Form           Tmut/Pois      7%         N/A       28%         3

Your spell library contained the following spells:

 Spells                   Type           Power      Damage    Failure   Level
 Ice Form                 Ice/Tmut       6%         N/A       73%         4


Dungeon Overview and Level Annotations

Branches:
Dungeon (2/15)

Altars:


Innate Abilities, Weirdness & Mutations

One of your tentacles has grown a beastly spike.
You cannot wear most types of armour.
You are amphibious.
You can wear up to eight rings at the same time.
Your skin changes colour to match your surroundings (Stealth+).
Your rubbery body absorbs attacks. (AC +1, EV +1)
((You are camouflaged when in or above water. (Stealth+)))
You have tentacles for arms and can constrict up to eight enemies at once.


Message History

Your tentacle spike disappears.
You hear a shout!
The bat hits you but does no damage. The adder bites you.
The bat barely misses you.
Casting: Beastly Appendage (safe; 8% risk of failure)
Confirm with . or Enter, or press ? or * to list all spells.
One of your tentacles grows a vicious spike.
The adder closely misses you.
You miss the adder. Your grab misses the adder.
Your tentacle spike misses the adder.
You tentacle-slap the adder. Your squeeze misses the adder.
The adder is severely wounded.
The adder bites you. x2
You miss the adder. Your grab misses the adder.
The adder is severely wounded.
The adder bites you.
You closely miss the adder. Your grab misses the adder.
You pierce the adder, but do no damage.
Your squeeze misses the adder.
The adder is severely wounded.
The adder closely misses you.
You tentacle-slap the adder but do no damage.
Your grab misses the adder. Your squeeze misses the adder.
The adder is severely wounded.
Your transformation is almost over.
The adder bites you.
* * * LOW HITPOINT WARNING * * *
You are lethally poisoned!
The adder poisons you!
You miss the adder. You grab the adder.
You pierce the adder.
The adder is almost dead.
You constrict the adder, but do no damage.
* * * LOW HITPOINT WARNING * * *
You feel sick. The adder bites you.
* * * LOW HITPOINT WARNING * * *
You are more poisoned.
The adder poisons you!
Unknown command.
You tentacle-slap the adder.
You kill the adder!
You die...

.. .. .. .# # .#.# .
#####....### ..
..g...#...>##...
#.............
#bg....... #.#g......
#@.#...#. # ##.#...#
.# #.##.....##..
#....##......
.###..#.## .....
......#..##.....
.........#......
...............#
......##.........#...


You could see 2 hobgoblins and a bat.

Vanquished Creatures
  An adder (D:2)
  A dart slug (D:1)
  A bat (D:1)
  4 endoplasms
  A giant cockroach (D:1)
  3 goblins
  A hobgoblin (D:1)
  8 jackals (D:1)
  2 quokkas
  4 ball pythons
  3 frilled lizards (D:1)
  2 kobolds
  5 rats
36 creatures vanquished.

Notes
Turn   | Place    | Note
-------+----------+-------------------------------------------
     0 | D:1      | Zeld the Octopode Transmuter began the quest for the Orb.
     0 | D:1      | Reached XP level 1. HP: 13/13 MP: 3/3
    73 | D:1      | Reached XP level 2. HP: 2/18 MP: 5/5
    76 | D:1      | Learned a level 2 spell: Wereblood
   746 | D:1      | Reached skill level 1 in Stealth
   859 | D:1      | Reached XP level 3. HP: 22/23 MP: 4/6
   863 | D:1      | Learned a level 3 spell: Spider Form
   907 | D:1      | Reached skill level 1 in Poison Magic
  1277 | D:1      | HP: 1/23 [rat (2)]
  1692 | D:2      | HP: 1/23 [adder (1)]
  1693 | D:2      | Succumbed to an adder's poison

Illustrated notes

Levels and vault maps discovered:
D:1:      dpeg_arrival_another_circle, layout_loops_ring
D:2:      layout_rooms, grunt_ministairs_15, uniq_robin

Skill      XL: |  1  2  3 |
---------------+----------+-----
Stealth        | 1 |  1.2
Poison Magic   | 1 |  1.2
Fighting       | |  1.0
Dodging        | |  2.0
Unarmed Combat | |  3.0
Spellcasting   | |  2.6
Transmutations | |  2.5
Ice Magic      | |  0.6

Action                   || total
-------------------------++-------
Melee: Unarmed           ||    72
       Constrict         ||    20
       Kick              ||    20
       Tentacles         ||     8
       Punch             ||     3
 Cast: Beastly Appendage ||    19
 Stab: Sleeping          ||     5
Armor: Skin              ||     4
Dodge: Dodged            ||    41
